Map: Oxide LE

Players

Topspin

  • Race: Protoss Protoss
  • League: Master
  • Spawn Location: 7:00

brms - Winner!

  • Race: Terran Terran
  • League: Master
  • Spawn Location: 1:00

VOD

Have the link to the VOD?

Description

DTs

Time

  • Played on: Feb. 21, 2021, 6:33 p.m.
  • Length: 10:47
Show
View Real Time Build Order
Export as new Build Order

Topspin Protoss 

Build Orders: 1 Gate Expand, Zealot Archon, Dark Templar Rush 

Get SALT Encoding   

  12  0:00  Probe  
  13  0:12  Probe  
  14  0:22  Pylon  
  14  0:24  Probe  
  15  0:40  Probe (Chrono Boost)  
  16  0:43  Gateway  
  16  0:49  Assimilator, Probe (Chrono Boost)  
  17  0:55  Probe  
  18  1:07  Probe  
  19  1:19  Probe  
  20  1:31  Probe  
  21  1:34  Cybernetics Core  
  21  1:40  Nexus  
  21  1:46  Pylon  
  21  1:53  Assimilator  
  21  1:56  Probe  
  22  2:08  Adept (Chrono Boost), Probe  
  23  2:13  Warp Gate  
  25  2:20  Probe  
  26  2:34  Twilight Council  
  26  2:35  Probe  
  27  2:38  Stalker (Chrono Boost)  
  28  2:48  Probe  
  29  2:53  Probe  
  30  3:00  Probe (Chrono Boost)  
  30  3:02  Robotics Facility  
  30  3:05  Probe (Chrono Boost)  
  33  3:17  Probe (Chrono Boost)  
  33  3:18  Probe (Chrono Boost)  
  34  3:23  Probe (Chrono Boost)  
  34  3:25  Dark Shrine, Probe (Chrono Boost)  
  36  3:31  Probe  
  37  3:35  Gateway  
  37  3:36  Gateway, Probe  
  38  3:44  Probe  
  38  3:46  Warp Prism (Chrono Boost)  
  39  3:51  Probe  
  42  3:57  Pylon  
  42  4:03  Assimilator, Probe  
  42  4:05  Probe  
  42  4:07  Assimilator  
  44  4:14  Shield Battery  
  44  4:15  Pylon, Probe  
  45  4:19  Probe  
  45  4:22  Pylon  
  46  4:27  Probe  
  47  4:32  Probe  
  47  4:38  Dark Templar x2  
  52  4:40  Probe, Dark Templar  
  52  4:44  Probe, Dark Templar  
  56  4:52  Probe  
  57  4:53  Charge  
  57  4:56  Probe  
  58  5:04  Probe  
  59  5:08  Probe  
  58  5:16  Probe  
  58  5:18  Nexus  
  58  5:20  Probe  
  60  5:22  Robotics Bay, Pylon  
  60  5:26  Forge  
  60  5:32  Probe  
  61  5:36  Probe  
  61  5:40  Pylon  
  62  5:44  Probe  
  62  5:48  Probe  
  64  5:53  Shield Battery  
  64  5:56  Pylon, Probe  
  65  5:57  Protoss Ground Weapons Level 1 (Chrono Boost)  
  65  6:00  Probe  
  65  6:01  Gateway  
  65  6:03  Gateway  
  66  6:08  Colossus (Chrono Boost), Probe  
  67  6:12  Probe  
  74  6:20  Probe  
  74  6:24  Probe  
  76  6:32  Probe  
  77  6:33  Probe  
  77  6:36  Probe  
  79  6:41  Dark Templar x2  
  79  6:42  Sentry  
  79  6:44  Probe  
  79  6:45  Probe  
  87  6:48  Archon  
  87  6:49  Assimilator, Extended Thermal Lance (Chrono Boost), Probe  
  87  6:50  Colossus (Chrono Boost)  
  94  6:54  Assimilator  
  94  6:56  Pylon  
  94  7:09  Zealot, Dark Templar x2  
  94  7:13  Archon  
  100  7:16  Probe  
  100  7:18  Zealot x2  
  105  7:24  Probe  
  106  7:32  Colossus (Chrono Boost)  
  106  7:35  Sentry  
  106  7:36  Probe  
  115  7:41  Stalker  
  115  7:43  Gateway  
  117  7:44  Gateway, Pylon  
  117  7:46  Gateway, Pylon  
  117  7:47  Pylon  
  117  7:49  Pylon  
  111  8:01  Zealot x4  
  105  8:06  Zealot  
  83  8:21  Colossus  
  83  8:24  Zealot x4  
  83  8:39  Stalker x3  
  86  8:42  Zealot  
  86  8:46  Dark Templar x2  
  88  8:51  Zealot  
  88  8:52  Zealot  
  67  9:06  Nexus  
  67  9:07  Dark Templar x4  
  75  9:12  Archon x2  
  75  9:15  Disruptor (Chrono Boost)  
  66  9:23  Zealot  
  66  9:24  Zealot x3  
  77  9:44  Dark Templar x4  
  77  9:45  Zealot  
  87  9:46  Zealot x2  
  87  9:51  Zealot x4  
  93  9:56  Disruptor  
  86  10:23  Nexus  
  86  10:26  Robotics Facility  
  72  10:37  Zealot x3  
Show
View Real Time Build Order
Export as new Build Order

brms Terran - Winner!

Build Orders: Reaper Expand 

Get SALT Encoding   

  12  0:00  SCV  
  13  0:12  SCV  
  14  0:17  Supply Depot  
  14  0:24  SCV  
  15  0:38  SCV  
  15  0:39  Barracks  
  16  0:44  Refinery  
  16  0:50  SCV  
  17  1:02  SCV  
  18  1:15  SCV  
  19  1:28  Reaper, Orbital Command  
  20  1:41  Command Center  
  20  1:55  SCV  
  20  1:56  Supply Depot  
  20  2:00  Marine  
  22  2:07  Factory  
  22  2:10  SCV  
  23  2:23  Barracks Reactor  
  23  2:26  SCV, Bunker  
  24  2:35  Refinery  
  24  2:42  SCV  
  25  2:53  Orbital Command  
  25  2:55  SCV  
  26  2:59  Marine x2  
  26  3:00  Starport  
  28  3:06  Factory Tech Lab  
  28  3:07  SCV  
  29  3:12  Orbital Command  
  29  3:17  Marine x2  
  29  3:19  SCV  
  32  3:31  SCV  
  33  3:35  Marine x2  
  35  3:42  SCV  
  35  3:43  SCV, Raven  
  35  3:46  Factory Tech Lab  
  39  3:51  Refinery  
  39  3:53  Marine x2  
  39  3:54  SCV  
  42  3:55  SCV  
  42  3:59  Supply Depot  
  43  4:07  SCV  
  43  4:08  SCV  
  45  4:10  Marine  
  46  4:19  Supply Depot  
  46  4:20  SCV x2, Siege Tank, Marine  
  46  4:23  Barracks  
  52  4:36  SCV  
  52  4:38  Barracks, Starport Reactor, Engineering Bay  
  53  4:39  Marine  
  53  4:41  Supply Depot, Marine  
  53  4:42  SCV  
  56  4:49  SCV  
  57  4:55  SCV  
  57  4:56  Barracks  
  57  4:57  Barracks  
  58  5:02  Factory Reactor  
  55  5:08  Marine x2  
  55  5:15  SCV x2  
  57  5:23  Medivac x2  
  57  5:27  SCV x2  
  63  5:32  Marine x2  
  63  5:35  Stimpack  
  65  5:36  Terran Infantry Weapons Level 1  
  65  5:46  Barracks Tech Lab  
  65  5:48  Marauder x2  
  65  5:49  SCV  
  70  5:55  Supply Depot  
  70  6:03  Supply Depot  
  70  6:25  Marauder x3, Medivac  
  78  6:33  Combat Shield  
  78  6:35  Supply Depot  
  78  6:41  SCV x2, Medivac, Marine x4  
  78  6:42  Supply Depot  
  86  6:49  Concussive Shells  
  86  6:55  Supply Depot x2  
  86  6:57  SCV x2, Marauder x3  
  86  7:00  Command Center  
  94  7:03  Marine x3  
  94  7:07  Missile Turret  
  97  7:09  SCV  
  97  7:13  SCV  
  99  7:21  SCV  
  99  7:22  Viking  
  102  7:23  Marauder  
  102  7:24  Marauder  
  106  7:30  Terran Infantry Armor Level 1  
  106  7:31  Marine x3  
  106  7:33  Marauder  
  111  7:39  Marine  
  112  7:45  Marauder  
  112  7:46  Marauder  
  112  7:49  Marine  
  116  7:54  Marauder  
  116  7:55  Marine x2  
  116  7:57  Marine  
  106  8:06  Marauder  
  106  8:07  Marauder, Marine  
  101  8:13  Marine x2  
  101  8:15  Marauder, Marine  
  106  8:25  Marine  
  104  8:27  Marauder  
  104  8:29  Marauder  
  104  8:31  Marine x2  
  104  8:32  Marine  
  110  8:37  Marauder  
  110  8:38  SCV x2  
  114  8:42  Viking, Marine  
  117  8:48  Viking  
  117  8:49  Marauder, Marine x2  
  117  8:50  Marauder, Marine  
  126  8:58  Marauder  
  126  9:00  Marine  
  126  9:01  Orbital Command  
  129  9:07  Marine x2  
  129  9:08  Supply Depot x2  
  129  9:09  Marine  
  132  9:18  Marine  
  132  9:21  Supply Depot  
  132  9:23  Supply Depot  
  133  9:29  SCV x2, Viking x2, Marine  
  133  9:30  Marauder x3  
  146  9:34  Marine x2  
  148  9:39  Supply Depot  
  148  9:43  Marine  
  151  9:45  SCV x2  
  151  9:47  Marine  
  151  9:51  Marauder x3  
  151  9:52  Marine  
  159  9:58  Marine  
  159  9:59  Viking x2  
  163  10:10  Marine x2  
  163  10:14  Marine  
  163  10:15  Marine  
  163  10:17  Marauder x2  
  163  10:21  Marine  
  169  10:28  Marine  
Tags
 
Add a new tag
Caveats
  • Supply blocks, unpowered buildings, or Contaminate may cause inaccurate times.
  • Supply counts are checked every 10 seconds.